 Dungeon Crawl Stone Soup version 0.27-a0-1359-ga2a4dfd6fd (webtiles) character file.

Game seed: 10780426929123433930

384 ABBCCCDDDD the Skirmisher (level 6, -10/54 HPs)
             Began as a Palentonga Fighter on June 28, 2021.
             Was a Priest of Trog.
             Mangled by an ogre (27 damage)
             ... on level 4 of the Dungeon.
             The game lasted 00:06:38 (3442 turns).

ABBCCCDDDD the Skirmisher (Palentonga Fighter)      Turns: 3442, Time: 00:06:39

Health: -10/54     AC:  7    Str: 22    XL:     6   Next: 47%
Magic:  6/6        EV:  5    Int:  8    God:    Trog [***...]
Gold:   171        SH:  8    Dex:  9    Spells: 5/5 levels left

rFire    . . .     SeeInvis +   a - +0 flail
rCold    . . .     Faith    .   c - +0 kite shield
rNeg     . . .     Spirit   .   b - +0 scale mail
rPois    .         Reflect  .   i - +0 helmet
rElec    .         Harm     .   (no cloak)
rCorr    .         Rampage  .   (no gloves)
Will     .....                  (no barding)
Stlth    ..........             (no amulet)
HPRegen  0.18/turn              (no ring)
MPRegen  0.10/turn              (no ring)

@: no status effects
A: large, rugged brown scales 3, see invisible, deformed body, roll 1, armoured
tail
a: Rolling Charge, Renounce Religion, Berserk, Trog's Hand


You were on level 4 of the Dungeon.
You worshipped Trog.
Trog was most pleased with you.
You visited 1 branch of the dungeon, and saw 4 of its levels.

You collected 171 gold pieces.

Inventory:

Hand Weapons
 a - a +0 flail (weapon)
 w - a +2 dagger of venom
Missiles
 h - 8 atropa-tipped darts
 n - a throwing net
Armour
 b - a +0 scale mail (worn)
 c - a +0 kite shield (worn)
 i - a +0 helmet (worn)
 o - a +0 chain mail
 p - a +0 plate armour
 s - a +1 leather armour of cold resistance
 x - a +2 robe of the Archmagi
Wands
 r - a wand of paralysis (11)
 y - a wand of flame (16)
Scrolls
 e - a scroll of identify
 f - a scroll of fog
 j - a scroll of noise
 k - a scroll of immolation
 l - a scroll of enchant weapon
 m - 2 scrolls of magic mapping {unknown}
 t - a scroll of teleportation {unknown}
 v - a scroll of vulnerability {unknown}
 B - a scroll of holy word {unknown}
Potions
 d - a potion of might
 g - 5 potions of curing {unknown}
 q - a potion of magic
 u - a potion of brilliance
 z - a potion of resistance {unknown}
 A - a potion of haste {unknown}


   Skills:
 * Level 5.5 Fighting
 * Level 5.1 Maces & Flails
 - Level 2.4 Armour
 - Level 2.4 Shields


You had 5 spell levels left.
You didn't know any spells.
Your spell library was empty.

Dungeon Overview and Level Annotations

Branches:
Dungeon (4/15)
 Temple: D:4-7

Altars:
Trog

Shops:
D:1 (

Annotations:
D:4 1 transporter


Innate Abilities, Weirdness & Mutations

You are completely covered in rugged brown scales. (AC +3, +7% HP)
You have supernaturally acute eyesight. (SInv)
Armour fits poorly on your strangely shaped body.
You can roll at nearby foes to attack.
You have a long armoured tail.


Message History

You recover from your berserk rage.
Okay, then.
You start resting.
HP restored.
y - a wand of flame (16)
Items here: ( )))) [[ †††††.
B - a +0 helmet
Okay, then.
Drop what? 28/52 slots (_ for help) (? for menu, Esc to quit)
You drop a +0 helmet.
Items here: )) ††.
Okay, then.
There is a transporter here.
B - a scroll labelled UPNACKOYKI You open the door.
There is an open door here.
You open the door.
There is an open door here.
You open the door.
There is an open door here.
You now have 171 gold pieces (gained 13).
An ogre comes into view. It is wielding a +0 giant club.
The ogre shouts!
You thump the ogre!
The ogre is heavily wounded.
The ogre completely misses you.
You barely miss the ogre.
The ogre is heavily wounded.
The ogre hits you with a +0 giant club!
You hit the ogre but do no damage.
The ogre is heavily wounded.
The ogre hits you with a +0 giant club!!
* * * LOW HITPOINT WARNING * * *
You are too injured to fight recklessly!
You are too injured to fight recklessly!
The ogre hits you with a +0 giant club!
* * * LOW HITPOINT WARNING * * *
The ogre hits you with a +0 giant club!!
Ouch! That really hurt!
You die...

#.#.####.#.#
#.#......#.#
#.#..#####
#.#..#
#....#
#....#
#....#
#.#..#
#@#..#
#O#..#
#.#..# #
#.#..#.#
#.#..#.#####
#.#.........
#.#..#.#####
#.#..#.#
#.##.# #


You could see an ogre.

Vanquished Creatures
  An ogre (D:4)
  An orc priest (D:4)
  A jelly (D:4)
  Jessica (D:3)
  An orc wizard (D:4)
  Ijyb (D:3)
  Robin (D:4)
  5 adders
  2 worms
  7 orcs
  10 endoplasms
  A giant cockroach (D:3)
  8 hobgoblins
  12 jackals
  6 kobolds
  6 quokkas
  4 ball pythons
  5 bats
  6 frilled lizards
  16 goblins
  A rat (D:1)
96 creatures vanquished.

Notes
Turn   | Place    | Note
-------+----------+-------------------------------------------
     0 | D:1      | ABBCCCDDDD the Palentonga Fighter began the quest for the
                  | Orb.
     0 | D:1      | Reached XP level 1. HP: 19/19 MP: 1/1
   196 | D:1      | Found a faded altar of an unknown god.
   217 | D:1      | Became a worshipper of Trog the Wrathful
   217 | D:1      | Reached * piety under Trog
   323 | D:1      | Reached XP level 2. HP: 25/25 MP: 2/2
   527 | D:1      | You fall into a shaft and drop 1 floor!
   604 | D:2      | Reached XP level 3. HP: 31/31 MP: 3/3
   612 | D:2      | Reached ** piety under Trog
  1135 | D:2      | Reached XP level 4. HP: 35/39 MP: 4/4
  1569 | D:1      | Found Jemekk's Weapon Shoppe.
  1779 | D:3      | Noticed Ijyb
  1784 | D:3      | Killed Ijyb
  2078 | D:3      | Noticed a black bear
  2147 | D:3      | Reached XP level 5. HP: 43/46 MP: 5/5
  2415 | D:3      | Noticed Jessica
  2422 | D:3      | Killed Jessica
  2422 | D:3      | Reached *** piety under Trog
  2983 | D:4      | Noticed an ogre
  2990 | D:4      | Killed an ogre
  2991 | D:4      | Reached skill level 5 in Fighting
  2991 | D:4      | Reached XP level 6. HP: 54/54 MP: 6/6
  3094 | D:4      | Reached skill level 5 in Maces & Flails
  3139 | D:4      | Found a transporter.
  3142 | D:4      | Noticed Robin
  3152 | D:4      | Killed Robin
  3442 | D:4      | Mangled by an ogre

Illustrated notes

Levels and vault maps discovered:
D:1:      lightli_arrival_chessboard, layout_basic, serial_shops,
          shop_fountains, shapermc_ecumenical_altar_mp_highgroup,
          chequers_serial_rivers_small_b
D:2:      layout_rooms, minmay_misc_feat_x, minmay_tromino_i4
D:3:      layout_loops_cross, lightli_corner_chamber, uniq_jessica, uniq_ijyb
D:4:      gammafunk_steamed_eel, layout_basic, nzn_wu_jian_council_hall,
          uniq_menkaure, uniq_robin

Skill      XL: |  1  2  3  4  5  6 |
---------------+-------------------+-----
Maces & Flails | 3 4 5 |  5.1
Fighting       | 4 5 |  5.5
Armour         | |  2.4
Shields        | |  2.4

Action                   |  1- 3 |  4- 6 || total
-------------------------+-------+-------++-------
Melee: Flail             |   107 |   128 ||   235
       Tailslap          |     6 |    13 ||    19
Invok: Berserk           |     1 |     3 ||     4
  Use: Scroll            |       |     6 ||     6
Armor: Scale mail        |    70 |    74 ||   144
Dodge: Dodged            |    28 |    22 ||    50
Block: Kite shield       |    59 |    69 ||   128

Table legend: (Time is in decaauts)
 A = Elapsed time spent in this place.
 B = Non-inter-level travel time spent in this place.
 C = Inter-level travel time spent in this place.
 D = Time resting spent in this place.
 E = Time spent auto-exploring this place.
 F = Levels seen in this place.
 G = Mean time per level.
                   A        B        C        D        E       F      G
               +--------+--------+--------+--------+--------+-----+--------+
         Total |   3576 |   3448 |    128 |    660 |   2023 |   4 |  894.0 |
       Dungeon |   3576 |   3448 |    128 |    660 |   2023 |   4 |  894.0 |
               +--------+--------+--------+--------+--------+-----+--------+

Top non-repeatable levels by time:
     D:2: 1276 daAuts
     D:3: 1053 daAuts
     D:1: 685 daAuts
     D:4: 561 daAuts
